 Dungeon Crawl Stone Soup version 0.21.1-1-g345015f (webtiles) character file.

310 Hebeh the Chopper (level 6, -1/56 HPs)
             Began as a Minotaur Fighter on June 29, 2018.
             Was a Follower of Trog.
             Succumbed to a scorpion's poison
             ... on level 4 of the Dungeon.
             The game lasted 00:05:45 (1965 turns).

Hebeh the Chopper (Minotaur Fighter)                Turns: 1965, Time: 00:05:46

Health: -1/56      AC: 10    Str: 22    XL:     6   Next: 17%
Magic:  5/5        EV:  7    Int:  5    God:    Trog [*.....]
Gold:   225        SH: 10    Dex: 10    Spells: 5/5 levels left

rFire    + . .     SeeInvis .   a - +0 war axe
rCold    x . .     Gourm    .   c - +0 shield
rNeg     . . .     Faith    .   b - +0 scale mail
rPois    .         Spirit   .   (helmet restricted)
rElec    .         Reflect  .   t - scarf {cloud immunity}
rCorr    .         Harm     .   j - +2 pair of gloves
MR       .....                  (no boots)
Stlth    ..........             (no amulet)
HPRegen  0.18/turn              i - ring of fire
MPRegen  0.09/turn              (no ring)

@: lethally poisoned (-1 -> -21)
A: retaliatory headbutt, horns 2
a: Berserk, Burn Spellbooks, Renounce Religion


You were on level 4 of the Dungeon.
You worshipped Trog.
Trog was aware of your devotion.
You were not hungry.

You visited 1 branch of the dungeon, and saw 4 of its levels.

You collected 225 gold pieces.

Inventory:

Hand Weapons
 a - a +0 war axe (weapon)
Armour
 b - a +0 scale mail (worn)
 c - a +0 shield (worn)
 j - a +2 pair of gloves (worn)
 t - a scarf of cloud immunity (worn)
Jewellery
 i - a ring of fire (left hand)
Wands
 r - a wand of iceblast (6)
Scrolls
 h - a scroll of immolation {unknown}
 l - a scroll of remove curse
 m - 3 scrolls of identify
 n - a scroll of teleportation {unknown}
Potions
 d - 2 potions of might
 e - a potion of cancellation {unknown}
 g - a potion of lignification {unknown}
 k - a potion of heal wounds {unknown}
 o - a potion of agility
 p - a potion of mutation {unknown}
 q - a potion of flight {unknown}
Comestibles
 f - 5 rations
 s - 7 chunks of flesh


   Skills:
 + Level 5.0 Fighting
 * Level 5.3 Axes
 + Level 4.9 Armour
 + Level 4.9 Shields


You had 5 spell levels left.
You didn't know any spells.

Dungeon Overview and Level Annotations

Branches:
Dungeon (4/15)
 Temple: D:4-7

Altars:
Trog
Xom
Zin


Innate Abilities, Weirdness & Mutations

You reflexively headbutt those who attack you in melee.
You have a pair of horns on your head.


Message History

* * * LOW HITPOINT WARNING * * *
You feel very sick.
The crimson imp shouts, "Crawl home, thou rank knotty-pated mammet!"
The crimson imp hits you but does no damage.
You hit the crimson imp.
The crimson imp is lightly wounded.
* * * LOW HITPOINT WARNING * * *
You feel very sick.
The crimson imp hits you but does no damage.
You hit the crimson imp but do no damage.
The crimson imp is lightly wounded.
* * * LOW HITPOINT WARNING * * *
You feel very sick.
The crimson imp blinks!
A giant cockroach comes into view.
* * * LOW HITPOINT WARNING * * *
You feel sick.
There is an open door here.
You see here a scorpion corpse.
You die...

.# ####.# #..... ##+#
#.##.# ##..># #.##.#
#.....# #.##.##
.......## #.<#..# #
........####..)#.##.#...
...5...@†...))..........
........####..÷#.##.####
..[.....# #........#
##++###.# #####.#### #.#
#.# #.# #.# +s# #.# +.#
#.# #.#


You could see a crimson imp and a giant cockroach.

Vanquished Creatures
  A scorpion (D:4)
  The ghost of RottenKnight the Conjurer, a weakling DrCj (D:3)
  A hound (D:4)
  An orc priest (D:3)
  2 orc wizards
  3 adders
  4 dart slugs
  2 leopard geckos
  10 orcs
  A giant cockroach (D:2)
  9 goblins
  7 hobgoblins
  6 kobolds
  2 quokkas
  8 frilled lizards
  8 rats
66 creatures vanquished.

Notes
Turn   | Place    | Note
-------+----------+-------------------------------------------
     0 | D:1      | Hebeh the Minotaur Fighter began the quest for the Orb.
     0 | D:1      | Reached XP level 1. HP: 19/19 MP: 0/0
    81 | D:1      | Reached XP level 2. HP: 27/27 MP: 1/1
   541 | D:2      | Reached XP level 3. HP: 32/33 MP: 2/2
   606 | D:2      | Found a bloodstained altar of Trog.
   611 | D:2      | Became a worshipper of Trog the Wrathful
   969 | D:3      | Reached XP level 4. HP: 40/40 MP: 3/3
  1177 | D:3      | Noticed an angel
  1178 | D:3      | Found a shimmering altar of Xom.
  1179 | D:3      | Found a glowing silver altar of Zin.
  1204 | D:3      | Reached XP level 5. HP: 38/47 MP: 4/4
  1255 | D:3      | Reached * piety under Trog
  1259 | D:3      | Noticed RottenKnight's ghost (weakling DrCj)
  1278 | D:3      | Killed RottenKnight's ghost
  1931 | D:4      | Reached skill level 5 in Axes
  1961 | D:4      | Reached skill level 5 in Fighting
  1961 | D:4      | Reached XP level 6. HP: 11/56 MP: 5/5
  1964 | D:4      | HP: 1/56 [poisoned by a scorpion]
  1965 | D:4      | Succumbed to a scorpion's poison

Skill      XL: |  1  2  3  4  5 |
---------------+----------------+-----
Axes           | 3 4 5 |  5.3
Fighting       | 4 5 |  5.0
Armour         | 4 |  4.9
Shields        | 4 |  4.9

Action                   |  1- 3 |  4- 6 || total
-------------------------+-------+-------++-------
Melee: War axe           |    80 |    89 ||   169
       Headbutt          |     6 |    16 ||    22
  Use: Scroll            |       |     2 ||     2
  Eat: Chunk             |       |     4 ||     4
Armor: Scale mail        |    33 |    33 ||    66
Dodge: Dodged            |    16 |    20 ||    36
Block: Shield            |    37 |    33 ||    70
